 Dungeon Crawl Stone Soup version 0.22.1-2-g9c5b331 (webtiles) character file.

107 Fang the Skirmisher (level 4, -2/29 HPs)
             Began as a Gargoyle Berserker on Jan 4, 2019.
             Was a Believer of Trog.
             Slain by a centaur (5 damage)
             ... on level 2 of the Dungeon.
             The game lasted 00:02:19 (1974 turns).

Fang the Skirmisher (Gargoyle Berserker)            Turns: 1974, Time: 00:02:19

Health: -2/29      AC: 14    Str: 21    XL:     4   Next: 86%
Magic:  4/4        EV:  6    Int:  8    God:    Trog [**....]
Gold:   93         SH:  0    Dex:  9    Spells: 3/3 levels left

rFire    . . .     SeeInvis .   a - +0 hand axe
rCold    . . .     Gourm    .   (no shield)
rNeg     + . .     Faith    .   j - +0 plate armour
rPois    ∞         Spirit   .   (no helmet)
rElec    +         Reflect  .   (no cloak)
rCorr    .         Harm     .   (no gloves)
MR       .....                  (no boots)
Stlth    ..........             (no amulet)
HPRegen  0.09/turn              (no ring)
MPRegen  0.09/turn              (no ring)

@: berserk cooldown, slowed, very slow
A: negative energy resistance 1, electricity resistance, unbreathing,
petrification resistance, rot immunity, AC +3
a: Berserk, Trog's Hand, Renounce Religion


You were on level 2 of the Dungeon.
You worshipped Trog.
Trog was pleased with you.
You were very hungry.

You visited 1 branch of the dungeon, and saw 2 of its levels.

You collected 93 gold pieces.

Inventory:

Hand Weapons
 a - a +0 hand axe (weapon)
Armour
 j - a +0 plate armour (worn)
Scrolls
 b - 2 scrolls of identify {unknown}
 e - a scroll of fear {unknown}
 g - a scroll of enchant weapon {unknown}
 h - a scroll of remove curse {unknown}
 k - a scroll of fog {unknown}
 l - a scroll of amnesia {unknown}
Potions
 d - 2 potions of heal wounds {unknown}
 f - a potion of might {unknown}
 i - 2 potions of curing {unknown}
 m - a potion of brilliance {unknown}
 n - a potion of flight {unknown}
Comestibles
 c - 5 rations


   Skills:
 + Level 4.1 Fighting
 + Level 4.0 Axes
 + Level 2.6 Armour
 + Level 2.0 Dodging
 + Level 0.4 Stealth


You had 3 spell levels left.
You didn't know any spells.
Your spell library was empty.

Dungeon Overview and Level Annotations

Branches:
Dungeon (2/15)

Altars:


Innate Abilities, Weirdness & Mutations

You are resistant to torment.
Your stone body is resilient. (AC +3)
You are immune to poison.
You resist negative energy. (rN+)
You are resistant to electric shocks. (rElec)
You can survive without breathing.
You are immune to petrification.
You are immune to rotting.


Message History

The centaur hits you but does no damage. x2
You hit the centaur.
The centaur is lightly wounded.
The centaur hits you but does no damage. x2
You closely miss the centaur.
The centaur is lightly wounded.
The centaur hits you but does no damage.
The centaur hits you.
* * * LOW HITPOINT WARNING * * *
The centaur hits you but does no damage.
You hit the centaur.
The centaur is lightly wounded.
The centaur hits you but does no damage. x2
You hit the centaur but do no damage.
The centaur is lightly wounded.
The centaur hits you but does no damage. x2
You hit the centaur but do no damage.
The centaur is lightly wounded.
The centaur hits you.
You die...

...............######
##..#####.......(...####
#.... ##.............
#..#.#####......$......
. .............(........
##..###.....(...........
#...# ##...(((......##.
#.#.#####.#.............
..........#.....@c.....#
...# #.†..........##
...##### #..............
..>....###.....##.##.###
..#..#.................
...............#..... #.
.#########.......###.#
.# #).....## .# .######
#.....#)# .#


You could see a centaur.

Vanquished Creatures
  4 gnolls (D:2)
  3 adders (D:2)
  A worm (D:2)
  A leopard gecko (D:2)
  A ball python (D:2)
  4 giant cockroaches (D:2)
  3 goblins
  3 hobgoblins
  3 jackals (D:2)
  5 bats
  5 frilled lizards
  A kobold (D:1)
  6 rats
40 creatures vanquished.

Notes
Turn   | Place    | Note
-------+----------+-------------------------------------------
     0 | D:1      | Fang the Gargoyle Berserker began the quest for the Orb.
     0 | D:1      | Reached XP level 1. HP: 14/14 MP: 1/1
   627 | D:1      | Reached XP level 2. HP: 19/19 MP: 2/2
  1477 | D:2      | Reached XP level 3. HP: 16/24 MP: 3/3
  1495 | D:2      | Reached ** piety under Trog
  1542 | D:2      | Reached XP level 4. HP: 9/29 MP: 4/4
  1954 | D:2      | Noticed a centaur
  1974 | D:2      | Slain by a centaur

Skill      XL: |  1  2  3  4 |
---------------+-------------+-----
Axes           | 3 4 |  4.0
Fighting       | 4 |  4.1
Dodging        | 2 |  2.0
Armour         | |  2.6
Stealth        | |  0.4

Action                   |  1- 3 |  4- 6 || total
-------------------------+-------+-------++-------
Melee: Hand axe          |    90 |    65 ||   155
Invok: Berserk           |     1 |     1 ||     2
  Eat: Chunk             |     2 |     2 ||     4
Armor: Animal skin       |    20 |       ||    20
       Plate armour      |    57 |    58 ||   115
Dodge: Dodged            |    63 |    26 ||    89
